 Dungeon Crawl Stone Soup version 0.29-a0-333-gb4c28e87c6 (webtiles) character file.

Game seed: 6762528895594745024

526 Murumi the Chopper (level 7, -1/61 HPs)
             Began as a Hill Orc Fighter on Apr 13, 2022.
             Slain by Menkaure (11 damage)
             ... on level 5 of the Dungeon.
             The game lasted 00:08:34 (4872 turns).

Murumi the Chopper (Hill Orc Fighter)               Turns: 4872, Time: 00:08:34

Health: -1/61      AC: 18    Str: 19    XL:     7   Next: 23%
Magic:  7/7        EV:  5    Int:  8    God:
Gold:   140        SH:  6    Dex: 12    Spells: 6/6 levels left

rFire   . . .      SeeInvis +   a - +0 war axe
rCold   . . .      Faith    .   c - +1 buckler
rNeg    . . .      Spirit   .   o - +0 plate armour
rPois   .          Reflect  .   d - +0 helmet
rElec   +          Harm     .   (no cloak)
rCorr   .          Rampage  .   n - +0 pair of gloves
Will    .....      Clarity  +   (no boots)
Stlth   ..........              (no amulet)
HPRegen 0.20/turn               h - ring of see invisible
MPRegen 0.10/turn               p - +4 ring of protection

@: no status effects
A: clarity, electricity resistance
a: no special abilities


You were on level 5 of the Dungeon.
You visited 1 branch of the dungeon, and saw 5 of its levels.

You collected 140 gold pieces.

Inventory:

Hand Weapons
 a - a +0 war axe (weapon)
Armour
 c - a +1 buckler (worn)
 d - a +0 helmet (worn)
 n - a +0 pair of gloves (worn)
 o - a +0 plate armour (worn)
Jewellery
 h - a ring of see invisible (left hand)
 i - a ring of ice
 l - a ring of protection from fire
 p - a +4 ring of protection (right hand)
Wands
 r - a wand of flame (5)
Potions
 e - a potion of flight
 g - 2 potions of lignification
 j - 2 potions of curing
 k - 3 potions of haste
 s - a potion of might


   Skills:
 - Level 5.0 Fighting
 - Level 7.0 Axes
 - Level 4.0 Armour
 - Level 1.0 Dodging
 + Level 4.8 Shields
 - Level 2.0 Evocations


You had 6 spell levels left.
You didn't know any spells.
Your spell library contained the following spells:

 Spells                   Type           Power      Damage    Failure   Level
 Sting                    Tmut/Pois      0%         1d3       100%        1
 Ensorcelled Hibernation  Hex/Ice        0%         N/A       100%        2
 Passwall                 Tmut/Erth      0%         N/A       100%        2
 Spider Form              Tmut/Pois      0%         N/A       100%        3
 Stone Arrow              Conj/Erth      0%         3d7       100%        3
 Anguish                  Hex/Necr       0%         N/A       100%        4
 Passage of Golubria      Tloc           0%         N/A       100%        4
 Silence                  Hex/Air        0%         N/A       100%        5
 Lehudib's Crystal Spear  Conj/Erth      0%         10d2      100%        8


Dungeon Overview and Level Annotations

Branches:
Dungeon (5/15)
 Temple: D:4-7

Altars:
Trog

Annotations:
D:5 Menkaure


Innate Abilities, Weirdness & Mutations

You possess an exceptional clarity of mind.
You are resistant to electric shocks. (rElec)


Message History

You block Menkaure's attack.
It was a potion of ambrosia.
You are confused.
You feel invigorated. Menkaure hits you but does no damage.
You bump into the rock wall.
Menkaure completely misses you. Menkaure hits you but does no damage.
You closely miss Menkaure.
Menkaure calls on the powers of darkness!
Your body is wracked with pain!
* * * LOW HITPOINT WARNING * * *
Menkaure attacks as you move away! Menkaure hits you.
* * * LOW HITPOINT WARNING * * *
You bump into the rock wall.
Menkaure hits you but does no damage.
Menkaure calls on the powers of darkness!
Your body is wracked with pain!
* * * LOW HITPOINT WARNING * * *
You hit Menkaure.
Menkaure is lightly damaged.
You feel less invigorated.
You feel less confused. Menkaure hits you but does no damage.
You barely miss Menkaure.
Menkaure is lightly damaged.
Menkaure calls on the powers of darkness!
Your body is wracked with pain!
* * * LOW HITPOINT WARNING * * *
You barely miss Menkaure.
Menkaure is lightly damaged.
Menkaure calls on the powers of darkness!
Your body is wracked with pain!
* * * LOW HITPOINT WARNING * * *
Menkaure hits you.
* * * LOW HITPOINT WARNING * * *
Press: ? - help, v - describe, . - travel
Here: Menkaure (lightly damaged, fast)
The floor.
You feel better.
Menkaure rustles in an indecipherable tongue.
Menkaure hits you!
You die...

#### ...? ..# ..#
#.# #.# # #####@#
##>#....M#
##....###†#######
......M..........
≈≈≈≈≈≈.<.........
.....≈...........
####.§......####.
.....≈......#
._.#.≈.....##


You could see Menkaure (fast).

Vanquished Creatures
  A water moccasin (D:5)
  2 ogres (D:4)
  2 scorpions (D:4)
  Robin (D:2)
  3 gnolls (D:4)
  6 adders
  2 ufetubi (D:4)
  2 worms
  2 endoplasms
  5 giant cockroaches
  6 hobgoblins
  2 jackals (D:4)
  3 quokkas
  9 ball pythons
  6 bats
  4 frilled lizards
  17 goblins
  4 kobolds
  5 rats
82 creatures vanquished.

Notes
Turn   | Place    | Note
-------+----------+-------------------------------------------
     0 | D:1      | Murumi the Hill Orc Fighter began the quest for the Orb.
     0 | D:1      | Reached XP level 1. HP: 19/19 MP: 1/1
    65 | D:1      | Reached skill level 3 in Axes
   366 | D:1      | Reached XP level 2. HP: 13/27 MP: 2/2
  1035 | D:2      | Got the Almanac of Toxic Stones
  1047 | D:2      | Noticed Robin
  1059 | D:2      | Killed Robin
  1060 | D:2      | Reached XP level 3. HP: 12/33 MP: 3/3
  2153 | D:2      | Reached XP level 4. HP: 40/40 MP: 4/4
  2426 | D:3      | Found a faded altar of an unknown god.
  2469 | D:3      | Reached skill level 4 in Axes
  2663 | D:3      | Reached skill level 1 in Dodging
  3655 | D:4      | Reached XP level 5. HP: 46/46 MP: 5/5
  3695 | D:4      | Noticed an ogre
  3709 | D:4      | Killed an ogre
  3710 | D:4      | Reached skill level 5 in Axes
  3710 | D:4      | Reached skill level 1 in Evocations
  4087 | D:4      | Reached skill level 5 in Fighting
  4087 | D:4      | Reached XP level 6. HP: 53/56 MP: 6/6
  4169 | D:4      | Reached skill level 6 in Axes
  4257 | D:4      | Reached skill level 7 in Axes
  4257 | D:4      | Reached XP level 7. HP: 44/61 MP: 7/7
  4749 | D:5      | Entered Level 5 of the Dungeon
  4842 | D:5      | Noticed Menkaure
  4842 | D:5      | Found a bloodstained altar of Trog.
  4860 | D:5      | HP: 3/91 [Menkaure (2)]
  4862 | D:5      | Gained mutation: You possess an exceptional clarity of
                  | mind. [potion of mutation]
  4862 | D:5      | Gained mutation: You are resistant to electric shocks.
                  | (rElec) [potion of mutation]
  4872 | D:5      | Slain by Menkaure

Illustrated notes

Levels and vault maps discovered:
D:1:      evilmike_arrival_home_sweet_home, layout_loops_ring,
          serial_park_tiny_2
D:2:      layout_loops_corners, kennysheep_generic_room_10, uniq_robin
D:3:      layout_loops_corners, hellmonk_ecumenical_altar_inner_sanctum,
          corexii_corridor_pit
D:4:      layout_loops_corners, grunt_ministairs_15, minmay_misc_feat_rows,
          minmay_misc_feat_tower
D:5:      layout_loops_ring, mainiacjoe_overflow_brackets,
          chequers_ossuary_entry_cave, amcnicky_mini_pool_small,
          serial_bayou_crossing, uniq_menkaure, uniq_sigmund

Skill      XL: |  1  2  3  4  5  6 |
---------------+-------------------+-----
Axes           | 3 4 5 7 |  7.0
Fighting       | 4 5 |  5.0
Shields        | 4 |  4.8
Armour         | 4 |  4.0
Dodging        | 1 |  1.0
Evocations     | 2 |  2.0

Action                   |  1- 3 |  4- 6 |  7- 9 || total
-------------------------+-------+-------+-------++-------
Melee: War axe           |   104 |   141 |    24 ||   269
  Use: Scroll            |     9 |     2 |     1 ||    12
       Potion            |     1 |       |     6 ||     7
Armor: Scale mail        |    43 |       |       ||    43
       Plate armour      |    27 |   106 |    11 ||   144
       Skin              |       |       |    12 ||    12
Dodge: Dodged            |    50 |    35 |     5 ||    90
Block: Buckler           |    41 |    30 |     8 ||    79

Table legend: (Time is in decaauts)
 A = Elapsed time spent in this place.
 B = Non-inter-level travel time spent in this place.
 C = Inter-level travel time spent in this place.
 D = Time resting spent in this place.
 E = Time spent auto-exploring this place.
 F = Levels seen in this place.
 G = Mean time per level.
                   A        B        C        D        E       F      G
               +--------+--------+--------+--------+--------+-----+--------+
         Total |   4962 |   4573 |    389 |      0 |   3860 |   5 |  992.4 |
       Dungeon |   4962 |   4573 |    389 |      0 |   3860 |   5 |  992.4 |
               +--------+--------+--------+--------+--------+-----+--------+

Top non-repeatable levels by time:
     D:4: 1632 daAuts
     D:2: 1325 daAuts
     D:1: 987 daAuts
     D:3: 978 daAuts
     D:5: 37 daAuts
